 Dungeon Crawl Stone Soup version 0.31-a0-233-g139696dc86 (webtiles) character file.

Game seed: 10181105871122738852

187 olmar the Covered (level 5, 0/48 HPs)
             Began as an Armataur Fighter on July 8, 2023.
             Slain by a gnoll
             ... wielding a +0 spear
              (6 damage)
             ... on level 4 of the Dungeon.
             The game lasted 00:02:34 (2752 turns).

olmar the Covered (Armataur Fighter)                Turns: 2752, Time: 00:02:35

Health: 0/48       AC:  8    Str: 29    XL:     5   Next: 39%
Magic:  5/5        EV:  6    Int:  8    God:
Gold:   231        SH:  4    Dex: 10    Spells: 4/4 levels left

rFire   . . .        a - +0 flail
rCold   . . .        c - +0 buckler
rNeg    . . .        n - +0 chain mail
rPois   .            (no helmet)
rElec   .            (no cloak)
rCorr   .            (no gloves)
SInv    .            (no barding)
Will    .....        (no amulet) Stlth
                     s - +6 ring of strength
HPRegen 0.28/turn    (no ring)
MPRegen 0.09/turn

%: roll
@: invisible
A: large, rugged brown scales 3, deformed body, armoured tail, roll, long
tongue, awkward tongue
a: no special abilities


You were on level 4 of the Dungeon.
You visited 1 branch of the dungeon, and saw 4 of its levels.

You collected 231 gold pieces.

Inventory:

Hand Weapons
 a - a +0 flail (weapon)
Armour
 b - a +0 scale mail
 c - a +0 buckler (worn)
 j - a scarf of harm
 n - a +0 chain mail (worn)
Jewellery
 s - a +6 ring of strength (left hand)
Scrolls
 e - a scroll of enchant weapon {unknown}
 h - 2 scrolls of poison {unknown}
 k - a scroll of enchant armour {unknown}
 l - a scroll of vulnerability {unknown}
 m - a scroll of blinking {unknown}
 p - 2 scrolls of teleportation {unknown}
 r - a scroll of identify
Potions
 d - a potion of might
 g - 2 potions of lignification
 i - a potion of attraction
 o - a potion of cancellation {unknown}
 q - a potion of haste {unknown}


   Skills:
 + Level 3.3 Fighting
 + Level 3.4 Maces & Flails
 + Level 5.0 Armour
 + Level 4.0 Shields


You had 4 spell levels left.
You didn't know any spells.
Your spell library contained the following spells:

 Spells                   Type           Power      Damage    Failure   Level
 Slow                     Hex            0%         N/A       90%         1
 Confusing Touch          Hex            0%         N/A       99%         3
 Vampiric Draining        Necr           0%         2d6       99%         3
 Vhi's Electric Charge    Tloc/Air       0%         N/A       99%         3
 Arcjolt                  Conj/Air       0%         1d10      100%        5
 Plasma Beam              Fire/Air       0%         2x1d10    100%        6


Dungeon Overview and Level Annotations

Branches:
Dungeon (4/15)
 Temple: D:4-7

Altars:

Shops:
D:1 ??:!*

Annotations:
D:4 2 transporters


Innate Abilities, Weirdness & Mutations

You are completely covered in rugged brown scales. (AC +3, +7% HP)
Armour fits poorly on your strangely shaped body.
You have a long armoured tail.
You roll when moving toward enemies. (Rampage)
Your long tongue fully drains potion bottles. (2x potion effects)
Your tongue gives you trouble enunciating. (1.5x scroll delay)


Message History

You closely miss the gnoll.
The gnoll hits you from afar with a +0 spear.
You block the gnoll's attack.
Unknown command.
You barely miss the gnoll.
Your tail-slap misses the gnoll.
The gnoll hits you but does no damage. The gnoll barely misses you.
The gnoll hits you from afar with a +0 spear.
The gnoll hits you with a +0 club.
* * * LOW HITPOINT WARNING * * *
Unknown command.
You completely miss the gnoll.
Your tail-slap misses the gnoll.
The gnoll hits you but does no damage. The gnoll hits you with a +0 club.
* * * LOW HITPOINT WARNING * * *
Unknown command.
You fade into invisibility!
You slurp down every last drop of the potion of invisibility!
The gnoll barely misses you. The gnoll hits you with a +0 club.
* * * LOW HITPOINT WARNING * * *
Unknown command.
You hit the gnoll. You tail-slap the gnoll!
You kill the gnoll!
Unknown command.
You sock the gnoll!
Your tail-slap misses the gnoll.
The gnoll is almost dead.
The gnoll hits you with a +0 club.
* * * LOW HITPOINT WARNING * * *
The gnoll hits you from afar with a +0 spear.
* * * LOW HITPOINT WARNING * * *
The gnoll hits you from afar with a +0 spear.
* * * LOW HITPOINT WARNING * * *
You block the gnoll's attack.
You strike the helpless gnoll from behind!
You sock the gnoll!
You kill the gnoll!
The gnoll closely misses you.
Your Armour skill increases to level 5!
You roll towards the gnoll!
You completely miss the gnoll.
The gnoll is severely wounded.
The gnoll hits you with a +0 spear.
You die...

####.####...... .(
..##..........#...
###.##..............
#................... .......
#.##..........# #. .....gg
#.##..........# #. .......
#.###.....#.#.# .. .....!.
#.##...)....#.##.. .......
#@##.............. .......
##g.........##)###.
#...gg########...##......##)#...
#......g.>....##..[..###.#...
#....#g...(..........# #.#...
####.#.......#.......###.#...
#..............[<.(#......
##......†.#....######....#
##.>.....+##### #.>..#


You could see a gnoll (unable to see you).

Vanquished Creatures
  6 adders
  3 gnolls (D:4)
  A white imp (D:4)
  2 worms
  3 dart slugs
  6 orcs
  5 ball pythons
  2 endoplasms
  4 giant cockroaches
  5 hobgoblins
  4 jackals (D:2)
  4 quokkas
  13 bats
  2 frilled lizards
  9 goblins
  4 kobolds
  7 rats
80 creatures vanquished.

Notes
Turn   | Place    | Note
-------+----------+-------------------------------------------
     0 | D:1      | olmar the Armataur Fighter began the quest for the Orb.
     0 | D:1      | Reached XP level 1. HP: 19/19 MP: 1/1
    42 | D:1      | Found Geudutum's Book Boutique.
   121 | D:1      | Reached XP level 2. HP: 26/26 MP: 2/2
   235 | D:1      | Found Tuemnuuk's Assorted Antiques.
   272 | D:1      | Found Ecseh's Distillery.
   352 | D:1      | Reached skill level 4 in Armour
   373 | D:1      | Found Saskoeqi's Magic Scroll Emporium.
   454 | D:1      | Found Imyiph's Magic Scroll Boutique.
   548 | D:1      | Reached XP level 3. HP: 28/33 MP: 3/3
  1101 | D:2      | Reached XP level 4. HP: 33/40 MP: 4/4
  2464 | D:4      | Found a transporter.
  2515 | D:4      | Found a transporter.
  2527 | D:4      | Identified the +5 rapier of the Usurping Gods {drain,
                  | +Blink}
  2558 | D:4      | Reached XP level 5. HP: 36/48 MP: 5/5
  2752 | D:4      | Reached skill level 5 in Armour
  2752 | D:4      | Slain by a gnoll

Illustrated notes

Levels and vault maps discovered:
D:1:      dpeg_arrival_concentric_ovals, layout_basic, serial_shops, shop,
          nicolae_shop_rolled_up, shop, shop, nicolae_shop_real_fake_doors
D:2:      layout_basic
D:3:      layout_basic
D:4:      gammafunk_cloud_chamber, layout_rooms, makhleb_heckhound_becter,
          cheibrodos_ashenzari_chains, mainiacjoe_overflow_swirl,
          reono_crystal_passage, uniq_eustachio

Skill      XL: |  1  2  3  4  5 |
---------------+----------------+-----
Maces & Flails | 2 3 |  3.4
Armour         | 4 5 |  5.0
Fighting       | 3 |  3.3
Shields        | 4 |  4.0

Action                     |  1- 3 |  4- 6 || total
---------------------------+-------+-------++-------
  Melee: Flail             |   138 |   121 ||   259
         Tailslap          |     4 |    14 ||    18
    Use: Scroll            |     2 |     1 ||     3
         Potion            |       |     1 ||     1
   Stab: Invisible         |       |     1 ||     1
 Armour: Scale mail        |    81 |    32 ||   113
         Chain mail        |       |    20 ||    20
  Dodge: Dodged            |    52 |    42 ||    94
  Block: Buckler           |    23 |    39 ||    62

Table legend: (Time is in decaauts)
 A = Elapsed time spent in this place.
 B = Non-inter-level travel time spent in this place.
 C = Inter-level travel time spent in this place.
 D = Time resting spent in this place.
 E = Time spent auto-exploring this place.
 F = Levels seen in this place.
 G = Mean time per level.
                   A        B        C        D        E       F      G
               +--------+--------+--------+--------+--------+-----+--------+
         Total |   2829 |   2716 |    113 |     89 |   2062 |   4 |  707.2 |
       Dungeon |   2829 |   2716 |    113 |     89 |   2062 |   4 |  707.2 |
               +--------+--------+--------+--------+--------+-----+--------+

Top non-repeatable levels by time:
     D:3: 864 daAuts
     D:1: 838 daAuts
     D:2: 824 daAuts
     D:4: 302 daAuts
